 Dungeon Sprint DCSS version 0.26-a0-1086-g9010512d90 (webtiles) character file.

Game seed: 2177775611497857313

4 mhtbhm the Vandal (level 1, 0/21 HPs)
             Began as a Halfling Hunter on Dec 14, 2020.
             Slain by a worker ant (5 damage)
             ... in the Dungeon (Sprint IX: "|||||||||||||||||||||||||||||").
             The game lasted 00:00:23 (157 turns).

mhtbhm the Vandal (Halfling Hunter)                  Turns: 157, Time: 00:00:23

Health: 0/21       AC:  3    Str: 13    XL:     1   Next: 66%
Magic:  1/1        EV: 14    Int:  9    God:
Gold:   0          SH:  0    Dex: 14    Spells: 0/0 levels left

rFire    . . .     SeeInvis .   b - +0 short sword
rCold    . . .     Faith    .   (shield restricted)
rNeg     . . .     Spirit   .   c - +0 leather armour
rPois    .         Reflect  .   (no helmet)
rElec    .         Harm     .   (no cloak)
rCorr    .         Rampage  .   (no gloves)
Will     .....     NoTele   +   (no boots)
Stlth    ..........             (no amulet)
HPRegen  0.07/turn              (no ring)
MPRegen  0.07/turn              (no ring)

@: berserking, lethally poisoned (0 -> -8), very quick
A: small, mutation resistance 1
a: no special abilities


You were in the Dungeon.
You visited 1 branch

Inventory:

Hand Weapons
 a - a +1 hunting sling
 b - a +0 short sword (weapon)
Missiles
 d - 17 sling bullets
Armour
 c - a +0 leather armour (worn)
Scrolls
 j - a scroll of blinking
Potions
 g - a potion of haste
 h - 2 potions of magic


   Skills:
 + Level 1.9 Fighting
 + Level 7.3 Slings
 + Level 2.3 Dodging
 + Level 1.1 Stealth


You couldn't memorise any spells.
You didn't know any spells.
Your spell library was empty.

Dungeon Overview and Level Annotations

Branches:
Dungeon (1/1)

Altars:


Innate Abilities, Weirdness & Mutations

You are small and have problems with some larger weapons.
You are somewhat resistant to further mutation.


Message History

Unknown command.
You feel better. The worker ant bites you.
You are lethally poisoned!
The worker ant poisons you!
You feel much better.
You feel sick. The worker ant bites you.
Okay, then.
Evoke which item? (* to show all) (? for menu, Esc to quit)
Okay, then.
Okay, then.
b - a +0 short sword (weapon)
The worker ant bites you.
* * * LOW HITPOINT WARNING * * *
A red film seems to cover your vision as you go berserk!
You feel yourself moving faster!
You feel mighty!
* * * LOW HITPOINT WARNING * * *
You feel sick. The worker ant closely misses you.
You hit the worker ant.
The worker ant is almost dead.
The worker ant bites you.
You die...

▓.▓
▓.▓
▓.▓
▓†▓
▓)▓
▓†▓
▓.▓
▓.▓
▓@▓
▓B▓
▓o▓
▓J▓
▓Y▓
▓Z▓
▓.▓
▓+▓


You could see an ice beast, a jelly, a worker ant, an orc and a leopard gecko
zombie.

Vanquished Creatures
  A hobgoblin (D)
  A bat (D)
  A frilled lizard (D)
  A kobold (D)
  A rat (D)
5 creatures vanquished.

Notes
Turn   | Place    | Note
-------+----------+-------------------------------------------
     0 | D        | mhtbhm the Halfling Hunter began the quest for the Orb.
     0 | D        | Reached XP level 1. HP: 14/14 MP: 1/1
     5 | D        | Reached skill level 6 in Slings
     8 | D        | Reached skill level 7 in Slings
   151 | D        | Noticed a worker ant
   151 | D        | Noticed a jelly
   151 | D        | Noticed an ice beast
   157 | D        | Slain by a worker ant

Illustrated notes

Levels and vault maps discovered:
D:        linesprint [early_d, line_temple, items_1, d_10, items_2, lair_1,
          lair_end, items_3, orc_1, orc_end, items_4, d_15, swamp_1, shoals_1,
          snake_1, spider_1, d_20, vaults_1, items_5, swamp_end, shoals_end,
          snake_end, spider_end, vaults_end, d_27, items_6, zot_1, zot_end,
          crypt_end, forest_end, elf_end, slime_end, tomb_end, abyss_end,
          pan_hell_end]

Skill      XL: |  1 |
---------------+----+-----
Slings         | 7 |  7.3
Fighting       | |  1.9
Dodging        | |  2.3
Stealth        | |  1.1

Action                   || total
-------------------------++-------
Melee: Short sword       ||     1
 Fire: Hunting sling     ||    14
  Use: Potion            ||     3
Armor: Leather armour    ||     4
Dodge: Dodged            ||    13

Table legend: (Time is in decaauts)
 A = Elapsed time spent in this place.
 B = Non-inter-level travel time spent in this place.
 C = Inter-level travel time spent in this place.
 D = Time resting spent in this place.
 E = Time spent auto-exploring this place.
 F = Levels seen in this place.
 G = Mean time per level.
                   A        B        C        D        E       F      G
               +--------+--------+--------+--------+--------+-----+--------+
         Total |    154 |    154 |      0 |    100 |      3 |   1 |  154.0 |
       Dungeon |    154 |    154 |      0 |    100 |      3 |   1 |  154.0 |
               +--------+--------+--------+--------+--------+-----+--------+

Top non-repeatable levels by time:
       D: 154 daAuts
